 Dungeon Crawl Stone Soup version 0.20.1-1-g8b1a95d66d (webtiles) character file.

132 McKennaii the Covered (level 4, 33/35 HPs)
             Began as a Demonspawn Fighter on Oct 27, 2017.
             Quit the game on level 3 of the Dungeon on Jan 9, 2018.
             The game lasted 00:04:46 (1658 turns).

McKennaii the Covered (Demonspawn Fighter)          Turns: 1658, Time: 00:04:46

Health: 33/35      AC: 12    Str: 17    XL:     4   Next: 92%
Magic:  4/4        EV:  5    Int: 10    God:
Gold:   104        SH:  9    Dex: 12    Spells: 3/3 levels left

rFire    . . .     SeeInvis +   a - +0 war axe
rCold    . . .     Gourm    .   c - +0 shield
rNeg     . . .     Faith    .   n - +0 chain mail
rPois    .         Spirit   .   (helmet restricted)
rElec    .         Reflect  .   (no cloak)
rCorr    .         Harm     .   (no gloves)
MR       .....                  g - +0 pair of boots
Stlth    ..........             (no amulet)
Regen    0.2/turn               m - ring of see invisible
MPRegen  0.1/turn               (no ring)

@: no status effects
A: antennae 1, thin metallic scales 1
a: no special abilities


You were on level 3 of the Dungeon.
You were not hungry.

You visited 1 branch of the dungeon, and saw 3 of its levels.

You collected 104 gold pieces.

Inventory:

Hand Weapons
 a - a +0 war axe (weapon)
Armour
 c - a +0 shield (worn)
 g - a +0 pair of boots (worn)
 n - a +0 chain mail (worn)
Jewellery
 m - a ring of see invisible (left hand)
 q - a +5 ring of evasion {unknown}
Scrolls
 b - 2 scrolls of magic mapping {unknown}
 h - a scroll of remove curse {unknown}
 i - 5 scrolls of identify {unknown}
 j - a scroll of recharging {unknown}
 o - a scroll of immolation {unknown}
 r - a scroll of teleportation {unknown}
 u - a scroll of enchant armour {unknown}
Potions
 d - 2 potions of might
 e - 3 potions of haste {unknown}
 k - 2 potions of flight {unknown}
 s - a potion of resistance {unknown}
 t - 2 potions of heal wounds {unknown}
Comestibles
 f - 3 bread rations
 l - 3 meat rations
 p - a royal jelly


   Skills:
 + Level 3.2 Fighting
 + Level 3.1 Axes
 + Level 3.5 Armour
 + Level 0.8 Dodging
 + Level 3.3 Shields


You had 3 spell levels left.
You didn't know any spells.

Dungeon Overview and Level Annotations

Branches:
Dungeon (3/15)

Altars:


Innate Abilities, Weirdness & Mutations

You have a pair of small antennae on your head.
You are partially covered in thin metallic scales. (AC +2)


Message History

Things that are here:
a dagger; a goblin corpse You now have 104 gold pieces (gained 15).
Found a ring mail.
No target in view!
i - 5 scrolls labeled DAPIFA YXTIGOSH (gained 1)
An orc comes into view. It is wielding a whip.
The orc shouts!
Found a stone staircase leading up.
A leopard gecko comes into view.
The leopard gecko hisses angrily.
You block the orc's attack.
You slash the orc!
You kill the orc!
You hit the leopard gecko.
You kill the leopard gecko!
No target in view!
Welcome back, McKennaii the Demonspawn Fighter.
Press ? for a list of commands and other information.
Are you sure you want to abandon this character and quit the game? (Confirm with "yes".)

.##..### #.. .#
.... ....
.###.##....##
...)>........
####.##..###.##
#.....# #..#
#.###.###..# # #.#
#......####.#.# #.#
#.#.##...@[...#
#.###.........†...#
#.........#######<#
#######.### # #[#
#.. ####


There were no monsters in sight!

Vanquished Creatures
  4 adders
  3 oozes
  3 worms (D:2)
  3 dart slugs
  3 leopard geckos
  An orc (D:3)
  13 giant cockroaches
  7 goblins
  6 hobgoblins (D:1)
  2 jackals (D:1)
  A quokka (D:2)
  A ball python (D:2)
  3 bats
  A frilled lizard (D:1)
  5 kobolds
  8 rats
64 creatures vanquished.

Notes
Turn   | Place    | Note
-------+----------+-------------------------------------------
     0 | D:1      | McKennaii the Demonspawn Fighter began the quest for the Orb.
     0 | D:1      | Reached XP level 1. HP: 18/18 MP: 1/1
   265 | D:1      | Gained mutation: You are partially covered in thin metallic scales. (AC +2) [demonic ancestry]
   265 | D:1      | Reached XP level 2. HP: 24/24 MP: 2/2
   455 | D:1      | Gained mutation: You have a pair of small antennae on your head. [demonic ancestry]
   455 | D:1      | Reached XP level 3. HP: 29/29 MP: 3/3
  1164 | D:2      | Reached XP level 4. HP: 35/35 MP: 4/4
  1658 | D:3      | Upgraded the game from 0.20.1-1-g8b1a95d to 0.20.1-1-g8b1a95d66d
  1658 | D:3      | Quit the game

Skill      XL: |  1  2  3  4 |
---------------+-------------+-----
Shields        | 3 |  3.3
Armour         | 3 |  3.5
Axes           | 2 3 |  3.1
Fighting       | |  3.2
Dodging        | |  0.8

Action                   |  1- 3 |  4- 6 || total
-------------------------+-------+-------++-------
Melee: War axe           |   123 |    79 ||   202
  Eat: Chunk             |     1 |     2 ||     3
Armor: Scale mail        |    43 |       ||    43
       Chain mail        |     2 |    63 ||    65
Dodge: Dodged            |    27 |     9 ||    36
Block: Shield            |    57 |    47 ||   104
